[Event "Team 45 45 League T41"]
[Site "Internet Chess Club"]
[Date "2009.04.29"]
[Round "1"]
[White "chips"]
[Black "DrOMM"]
[Result "0-1"]
[WhiteElo "1244"]
[BlackElo "1325"]
[Opening "Queen's pawn game, Chigorin variation"]
[ECO "A40"]
[Time "16:14:17"]
[TimeControl "2700+45"]

1. d4 Nc6 2. Nf3 d5 3. Bf4 Bf5 4. a3 e6 5. h3 h6 6. Bh2 Bd6 7. e3 Bxh2 8. Nxh2
a6 9. Nf3 Nf6 10. Bd3 Ne7 11. Nc3 c6 12. Na4 Qa5+ 13. c3 Bxd3 14. b4 Qb5 15. Ne5
Bh7 16. Nc5 Rd8 17. a4 Qb6 18. a5 Qc7 19. O-O Nd7 20. Ncxd7 Rxd7 21. Nxd7 Qxd7
22. Qg4 O-O 23. Rac1 Qd6 24. f4 Be4 25. Rf2 Nf5 26. Qe2 Ng3 27. Qg4 Nf5 28. Qe2
Qe7 29. Kh2 Qh4 30. Kg1 Qg3 31. Re1 Nh4 32. Kh1 f5 33. Rg1 g5 34. fxg5 hxg5 35.
Qd2 g4 36. Rf4 gxh3 37. Qf2 hxg2+ 38. Rxg2 Bxg2+ 39. Kg1 Qxf2+ 40. Rxf2 Be4 41.
Rf4 Nf3+ 42. Kf2 Nd2 43. Ke2 Nc4 44. Rf1 Rf7 45. Rg1+ Rg7 46. Rxg7+ Kxg7 47. Kf2
Kg6 48. Kg3 Kg5 49. Kf2 Kg4 50. Ke2 Na3 51. Kd2 Nb1+ 52. Kc1 Nxc3 {White
resigns} 0-1

[Event "Team 45 45 League T41"]
[Site "Internet Chess Club"]
[Date "2009.05.03"]
[Round "1"]
[White "Mutaant"]
[Black "andrew0311"]
[Result "1-0"]
[WhiteElo "1423"]
[BlackElo "1382"]
[Opening "Giuoco Pianissimo: Italian four knights variation"]
[ECO "C50"]
[Time "19:00:10"]
[TimeControl "2700+45"]

1. e4 e5 2. Nf3 Nc6 3. Bc4 Bc5 4. Nc3 Nf6 5. d3 h6 6. O-O d6 7. h3 O-O 8. Na4
Bb6 9. Nxb6 axb6 10. Be3 Re8 11. Nh2 Be6 12. Bb5 Ra5 13. a4 Re7 14. Bd2 Ra8 15.
c3 Qc8 16. Qf3 Na7 17. Bxh6 Nxb5 18. axb5 c6 19. bxc6 bxc6 20. Bg5 Rea7 21. Rxa7
Rxa7 22. Bxf6 gxf6 23. Qxf6 Kf8 24. Qh8+ Ke7 25. Qxc8 Bxc8 26. f4 Be6 27. fxe5
dxe5 28. Nf3 f6 29. c4 Ra2 30. b3 Rb2 31. h4 Bf7 32. g4 Rxb3 33. Rd1 b5 34. cxb5
cxb5 35. Kf2 Rc3 36. Ke3 Rc8 37. Rb1 Rb8 38. g5 fxg5 39. hxg5 Kd6 40. d4 exd4+
41. Nxd4 b4 42. Kf4 Kc5 43. Nf3 b3 44. Ne5 Be6 45. Nd3+ Kd4 46. Ne5 Kc3 47. Nc6
Rb6 48. Nd8 b2 49. Nxe6 Rxe6 50. Kf5 Re8 51. e5 Kc2 52. Rh1 b1=Q 53. Rxb1 Kxb1
54. g6 Kc2 55. Kf6 Kd3 56. e6 Ke4 57. Kf7 Ra8 58. e7 Kf5 59. g7 Ke5 60. e8=Q+
Rxe8 61. Kxe8 Kd4 62. g8=Q Kc3 63. Qd5 Kb2 64. Qc6 Ka1 65. Qb7 Ka2 66. Kd7 Ka3
67. Kd6 Ka2 68. Kc5 Ka3 69. Kc4 Ka2 70. Kc3 Ka1 71. Qb2# {Black checkmated} 1-0

[Event "Team 45 45 League T41"]
[Site "Internet Chess Club"]
[Date "2009.05.05"]
[Round "1"]
[White "Nikhil03"]
[Black "beerss"]
[Result "1-0"]
[WhiteElo "1491"]
[BlackElo "1389"]
[Opening "French defense"]
[ECO "C00"]
[Time "21:00:05"]
[TimeControl "2700+45"]

1. e4 e6 2. Nf3 d5 3. exd5 exd5 4. d4 Nf6 5. Nc3 Be7 6. Bb5+ c6 7. Bd3 O-O 8.
O-O Bg4 9. Be3 Nbd7 10. Be2 Bd6 11. Ng5 Bf5 12. h3 h6 13. Nf3 Re8 14. Bd3 Ne4
15. Bd2 Qf6 16. Re1 Re6 17. Re2 Rae8 18. a4 Nxc3 19. Rxe6 Rxe6 20. Bxc3 Bxd3 21.
Qxd3 Qf4 22. Bd2 Qf6 23. Re1 Rxe1+ 24. Bxe1 Qe7 25. b3 Nf6 26. Qe3 Ne4 27. Nd2
a6 28. f3 Bb4 29. fxe4 Bxd2 30. Bxd2 dxe4 31. Qc3 Qe6 32. Qc4 Qe8 33. Qb4 Qd7
34. Qc5 f5 35. Bf4 Kh7 36. Qd6 Qf7 37. Qc7 Qh5 38. Be5 Qg6 39. Qxb7 e3 40. g3 f4
41. Bxf4 e2 42. Kf2 Qe4 43. Qb4 Qxc2 44. Qd2 Qxb3 45. Kxe2 Qxa4 46. Qd3+ Kg8 47.
Be5 Qb5 48. Qxb5 axb5 49. Kd3 Kf7 50. Kc3 Ke6 51. Bxg7 h5 52. Be5 c5 53. Bf4
cxd4+ 54. Kxd4 b4 55. Kc4 Kf5 56. Kxb4 h4 57. Bc7 hxg3 58. Bxg3 Kg6 59. Kc4 Kh5
60. Kd4 Kg5 61. Ke4 Kh5 62. Kf5 Kh6 63. Kg4 Kg6 64. h4 Kh6 65. Bf4+ Kg6 66. h5+
Kh7 67. Kg5 Kg7 68. Be5+ Kh7 69. h6 Kg8 70. Kg6 {Black resigns} 1-0

[Event "Team 45 45 League T41"]
[Site "Internet Chess Club"]
[Date "2009.05.02"]
[Round "1"]
[White "seldredg"]
[Black "rayspokemon"]
[Result "0-1"]
[WhiteElo "1392"]
[BlackElo "1311"]
[Opening "English opening"]
[ECO "A20"]
[Time "15:32:59"]
[TimeControl "2700+45"]

1. c4 e5 2. g3 f5 3. Nc3 Nc6 4. e3 Nf6 5. Bg2 d6 6. d3 Be7 7. Nd5 Nxd5 8. Bxd5
Bd7 9. Qh5+ g6 10. Qe2 Bf6 11. Nf3 Qe7 12. a3 O-O-O 13. b4 a6 14. Rb1 Nb8 15. c5
c6 16. Ba2 dxc5 17. Bd2 cxb4 18. Bxb4 c5 19. Rc1 b6 20. O-O Kb7 21. Qb2 e4 22.
Bc3 Bxc3 23. Rxc3 exf3 24. Rb1 b5 25. Bc4 Kc8 26. Bd5 Qd6 27. Bxf3 Bc6 28. Qe2
Nd7 29. Rbc1 Kb7 30. Qd1 Kb6 31. a4 Rc8 32. a5+ Kxa5 33. Ra1+ Kb6 34. Rca3 Ra8
35. e4 fxe4 36. dxe4 Qxd1+ 37. Rxd1 Ne5 38. Bg2 Rhd8 39. Re1 Rd4 40. f3 Rad8 41.
Bf1 Rd1 42. Rae3 Rxe1 43. Rxe1 Nxf3+ 44. Kf2 Nxe1 45. Kxe1 c4 {White resigns}
0-1

[Event "Team 45 45 League T41"]
[Site "Internet Chess Club"]
[Date "2009.05.05"]
[Round "1"]
[White "clarinetref"]
[Black "BrerRabbit"]
[Result "1/2-1/2"]
[WhiteElo "1741"]
[BlackElo "1610"]
[Opening "Réti: King's Indian attack"]
[ECO "A05"]
[Time "10:50:56"]
[TimeControl "2700+45"]

1. Nf3 Nf6 2. g3 g6 3. Bg2 Bg7 4. d3 O-O 5. O-O d6 6. e4 e5 7. h3 h6 8. Nbd2 Be6
9. Re1 Qd7 10. Kh2 Nc6 11. c3 b5 12. d4 d5 13. Nxe5 Nxe5 14. dxe5 Nh7 15. f4
dxe4 16. Rxe4 Rad8 17. Rd4 Qe7 18. Nf3 f6 19. Qc2 Bf5 20. Qb3+ Kh8 21. Qxb5 Bd7
22. Nh4 Qf7 23. Qd3 f5 24. Bd5 Qe8 25. Be3 g5 26. e6 Bxe6 27. Bxe6 Rxd4 28. Bxd4
Qxe6 29. Bxg7+ Kxg7 30. Ng2 Nf6 31. Re1 Ne4 32. Qd4+ Rf6 33. Qxa7 Rf7 34. Qd4+
Kg8 35. Qd8+ Kg7 36. Qd4+ Kh7 37. b3 Rd7 38. Qe3 Qa6 39. Re2 Rd3 40. Qc1 Rxg3
41. Rxe4 Rxg2+ 42. Kxg2 fxe4 43. Qc2 Qd3 44. Qxd3 exd3 45. Kf2 gxf4 46. a4 Kg6
47. a5 Kh5 48. a6 Kh4 49. a7 d2 50. Ke2 f3+ 51. Kxd2 f2 52. a8=Q f1=Q 53. Qd8+
Kxh3 54. Qd7+ Kh4 55. Qd4+ Kg5 56. Qd8+ Qf6 57. Qxc7 Qf2+ 58. Kd3 Qf1+ 59. Kd4
Qd1+ 60. Kc4 Qe2+ 61. Kd4 Qd2+ 62. Kc4 {Game drawn by mutual agreement} 1/2-1/2

[Event "Team 45 45 League T41"]
[Site "Internet Chess Club"]
[Date "2009.05.01"]
[Round "1"]
[White "bmw2002"]
[Black "tightfist"]
[Result "0-1"]
[WhiteElo "1621"]
[BlackElo "1661"]
[Opening "English opening"]
[ECO "A20"]
[Time "09:00:30"]
[TimeControl "2700+45"]

1. c4 e5 2. g3 c6 3. Bg2 d5 4. cxd5 cxd5 5. d4 Nc6 6. dxe5 Nxe5 7. Qxd5 Qxd5 8.
Bxd5 Nf6 9. Bg2 Bc5 10. Nc3 O-O 11. h3 Re8 12. Kf1 Rb8 13. Nf3 Ng6 14. Bd2 b5
15. a3 a6 16. b4 Bd6 17. Rc1 Bb7 18. Nd4 Bxg2+ 19. Kxg2 Rbd8 20. Be3 Be5 21. Nc6
Rc8 22. Nxe5 Nxe5 23. Rhd1 Nc4 24. Nd5 Nxd5 25. Rxd5 Nxe3+ 26. fxe3 Rxc1 27. Rd6
Ra8 28. Kf3 Kf8 {White resigns} 0-1

[Event "Team 45 45 League T41"]
[Site "Internet Chess Club"]
[Date "2009.05.03"]
[Round "1"]
[White "tryanything"]
[Black "Zyme"]
[Result "1-0"]
[WhiteElo "1627"]
[BlackElo "1492"]
[Opening "King's Indian: Petrosian system"]
[ECO "E92"]
[Time "18:03:55"]
[TimeControl "2700+45"]

1. d4 Nf6 2. c4 g6 3. Nc3 Bg7 4. e4 d6 5. Nf3 O-O 6. Be2 e5 7. d5 Na6 8. a3 Nc5
9. Qc2 a5 10. O-O Ng4 11. h3 Nf6 12. Be3 Nh5 13. b4 axb4 14. axb4 Rxa1 15. Rxa1
Nd7 16. Qd2 f5 17. Bh6 Ndf6 18. Bxg7 Kxg7 19. Ng5 h6 20. Ne6+ Bxe6 21. dxe6 f4
22. Bxh5 Nxh5 23. Nd5 c6 24. e7 Qe8 25. exf8=Q+ Qxf8 26. Nc7 Qf7 27. Qxd6 Qxc4
28. Qxe5+ Kh7 29. Qe7+ Ng7 30. Ne8 Qd4 31. Nf6+ Kh8 32. Ra8+ Ne8 33. Qh7# {Black
checkmated} 1-0

[Event "Team 45 45 League T41"]
[Site "Internet Chess Club"]
[Date "2009.05.03"]
[Round "1"]
[White "zepled37"]
[Black "Aquaman"]
[Result "1-0"]
[WhiteElo "1623"]
[BlackElo "1361"]
[Opening "QP counter-gambit: Maroczy gambit"]
[ECO "C40"]
[Time "15:00:32"]
[TimeControl "2700+45"]

1. e4 e5 2. Nf3 d5 3. exd5 Bd6 4. Nc3 Nf6 5. Bc4 O-O 6. O-O Bg4 7. d3 Nbd7 8.
Bg5 h6 9. Bh4 Qc8 10. Re1 a6 11. Bb3 Re8 12. Ne4 Nxe4 13. dxe4 b5 14. Rc1 Nf8
15. Qd3 Ng6 16. Bg3 Qd8 17. c4 bxc4 18. Bxc4 Bc8 19. Bb3 Nf8 20. Ba4 Bd7 21.
Bxd7 Nxd7 22. Re2 Qb8 23. Rec2 Nc5 24. Rxc5 Bxc5 25. Rxc5 Qxb2 26. Qc2 Qa1+ 27.
Qc1 Qxa2 28. h3 Qa4 29. Rc4 Qd7 30. Nxe5 Qe7 31. Rxc7 Qb4 32. f3 Qd4+ 33. Kf1
Rxe5 34. Bxe5 Qxe5 35. Rc8+ Rxc8 36. Qxc8+ Kh7 37. Qxa6 Qa1+ 38. Qxa1 {Black
resigns} 1-0

[Event "Team 45 45 League T41"]
[Site "Internet Chess Club"]
[Date "2009.05.03"]
[Round "1"]
[White "tiki5140"]
[Black "BigH"]
[Result "1/2-1/2"]
[WhiteElo "1439"]
[BlackElo "1743"]
[Opening "Sicilian: Sveshnikov variation"]
[ECO "B33"]
[Time "13:00:59"]
[TimeControl "2700+45"]

1. e4 c5 2. Nf3 Nc6 3. d4 cxd4 4. Nxd4 Nf6 5. Nc3 e5 6. Ndb5 d6 7. Bg5 a6 8. Na3
b5 9. Bxf6 gxf6 10. Nd5 f5 11. Bd3 Be6 12. Qh5 Bg7 13. O-O Kd7 14. Rfe1 Rg8 15.
c4 b4 16. Nc2 f4 17. Ncxb4 Nd4 18. Nc2 Nxc2 19. Bxc2 Bf6 20. Ba4+ Kc8 21. Qd1
Bh4 22. g3 fxg3 23. hxg3 {Game drawn by mutual agreement} 1/2-1/2

[Event "Team 45 45 League T41"]
[Site "Internet Chess Club"]
[Date "2009.05.03"]
[Round "1"]
[White "rocket"]
[Black "AngryPirate"]
[Result "0-1"]
[WhiteElo "1297"]
[BlackElo "1446"]
[Opening "French: advance variation"]
[ECO "C02"]
[Time "17:59:11"]
[TimeControl "2700+45"]

1. e4 e6 2. d4 d5 3. e5 c5 4. c3 Nc6 5. Bb5 Bd7 6. Nf3 Nxe5 7. Bxd7+ Nxd7 8. Bf4
Qb6 9. Qb3 cxd4 10. Qxb6 Nxb6 11. Nxd4 a6 12. O-O Nf6 13. Nd2 Nbd7 14. Rfe1 Be7
15. Bg5 O-O 16. c4 Nb6 17. cxd5 Nbxd5 18. Bxf6 Bxf6 19. N2b3 Rac8 20. Rec1 b6
21. Rab1 a5 22. Nb5 Bg5 23. Rxc8 Rxc8 24. Nd6 Rc6 25. Ne4 Bh6 26. a3 a4 27. Nbd2
f5 28. Nc3 Bxd2 29. Nxd5 exd5 30. Rd1 Rc1 31. Rxc1 Bxc1 32. Kf1 Bxb2 33. Ke2
Bxa3 34. Kd3 Bc5 35. Kc2 d4 36. Kc1 Kf7 37. f3 Ke6 38. h3 Kd5 39. Kc2 f4 40. h4
h5 41. Kc1 Kc4 42. Kc2 b5 43. Kb2 Kd3 44. Kc1 Ke2 45. Kc2 d3+ 46. Kb2 d2 47. Kc3
a3 48. Kc2 a2 49. Kc3 a1=Q+ 50. Kb3 d1=B# {White checkmated} 0-1

[Event "Team 45 45 League T41"]
[Site "Internet Chess Club"]
[Date "2009.05.05"]
[Round "1"]
[White "moreffee"]
[Black "J4Jesus"]
[Result "1-0"]
[WhiteElo "1363"]
[BlackElo "945"]
[Opening "Tennison (Lemberg, Zukertort) gambit"]
[ECO "A06"]
[Time "15:00:11"]
[TimeControl "2700+45"]

1. Nf3 d5 2. e4 dxe4 3. Ng5 Nf6 4. Nc3 Bf5 5. Bc4 e6 6. f3 Qd4 7. b3 Bb4 8. Bb2
e3 9. dxe3 Qxe3+ 10. Qe2 Qxe2+ 11. Bxe2 Bxc2 12. Rc1 Bf5 13. O-O Nc6 14. Bb5 Bd3
15. Bxd3 Rd8 16. Bb5 Bc5+ 17. Kh1 Be3 18. Bxc6+ bxc6 19. Rc2 Bxg5 20. f4 Bh6 21.
Na4 Bxf4 22. Bxf6 gxf6 23. Rxc6 Rg8 24. Rc4 Rg4 25. h3 Rh4 26. Rcxf4 Rxf4 27.
Rxf4 Ke7 28. Rc4 Rd1+ 29. Kh2 Kd6 30. Nc3 Ra1 31. Nb5+ Ke5 32. Rc2 f5 33. Nxc7
f4 34. Nb5 a6 35. Nc7 a5 36. Nb5 Ke4 37. Rc7 Rxa2 38. Nc3+ Ke3 39. Nxa2 f3 40.
gxf3 Kxf3 41. Rxf7+ Ke4 42. Rxh7 Kd3 43. Ra7 e5 44. Rxa5 e4 45. Kg2 e3 46. Re5
e2 47. h4 Kd2 48. Kf2 e1=Q+ 49. Rxe1 Kc2 50. Re2+ Kxb3 51. h5 Kc4 52. h6 Kd3 53.
h7 Kd4 54. h8=Q+ Kd5 55. Qe5+ Kc4 56. Rc2+ Kb3 57. Qc3+ Ka4 58. Qb4# {Black
checkmated} 1-0

[Event "Team 45 45 League T41"]
[Site "Internet Chess Club"]
[Date "2009.05.05"]
[Round "1"]
[White "Ser-Enigma"]
[Black "nardz"]
[Result "1-0"]
[WhiteElo "2174"]
[BlackElo "2070"]
[Opening "QGD Slav: 4.Nc3"]
[ECO "D15"]
[Time "11:02:33"]
[TimeControl "2700+45"]

1. d4 d5 2. c4 c6 3. Nf3 Nf6 4. Nc3 a6 5. c5 Nbd7 6. Bf4 Nh5 7. Bd2 g6 8. e4
dxe4 9. Nxe4 Bg7 10. Bc4 O-O 11. O-O h6 12. Qb3 Nhf6 13. Nxf6+ Nxf6 14. Rfe1 Nd5
15. Rac1 Ra7 16. Ne5 Bf5 17. Bxd5 cxd5 18. c6 f6 19. c7 Qc8 20. Nd3 e6 21. Qb6
Ra8 22. Nc5 e5 23. Nxb7 Qe8 24. Bb4 Bd7 25. Nd6 Qe6 26. c8=Q Rfxc8 27. Rxc8+
Rxc8 28. Nxc8 Bxc8 29. Qd8+ Kh7 30. Rc1 Bd7 31. Rc7 Qg4 32. h3 Qd1+ 33. Kh2 Qxd4
34. Qxd7 {Black resigns} 1-0

[Event "Team 45 45 League T41"]
[Site "Internet Chess Club"]
[Date "2009.05.03"]
[Round "1"]
[White "QueensCounselor"]
[Black "taulanipov"]
[Result "1-0"]
[WhiteElo "2041"]
[BlackElo "2042"]
[Opening "Scandinavian defense"]
[ECO "B01"]
[Time "08:00:10"]
[TimeControl "2700+45"]

1. e4 d5 2. exd5 Nf6 3. d4 Qxd5 4. c4 Qd6 5. Nc3 c6 6. Nf3 Bg4 7. Be2 e6 8. O-O
Nbd7 9. Be3 Qc7 10. Qb3 Bd6 11. h3 Bh5 12. c5 Be7 13. Rfe1 O-O 14. Qc2 Rfd8 15.
Rad1 b6 16. b4 a5 17. a3 axb4 18. axb4 bxc5 19. bxc5 Ra3 20. Qb2 Rda8 21. Ra1
Qa5 22. Rxa3 Qxa3 23. Qxa3 Rxa3 24. Bd2 Bd8 25. Rc1 Ba5 26. Kf1 Kf8 27. Nb1 Ra1
28. Bxa5 Rxa5 29. Nbd2 Nd5 30. g3 Bg6 31. Nc4 Ra4 32. Nh4 Be4 33. f3 Bg6 34.
Nxg6+ hxg6 35. f4 f6 36. Kf2 Ra2 37. Kf3 Nc7 38. Nb6 Ra3+ 39. Kf2 Ke8 40. Bf3
Ra2+ 41. Ke3 Ra3+ 42. Ke2 Nb5 43. Rc4 Nb8 44. h4 Kd8 45. Rb4 Kc7 46. g4 Na6 47.
Rc4 Nc3+ 48. Kd2 Nb5 49. Ke2 Kb7 50. Nd7 Nac7 51. Nf8 g5 52. hxg5 fxg5 53. f5
exf5 54. gxf5 Nc3+ 55. Kf2 N3d5 56. Ne6 Ra2+ 57. Kg3 Ra3 58. Nxg5 Kc8 59. Rc1
Rd3 60. Rd1 Rc3 61. Re1 Kd7 62. Ne6 Nxe6 63. fxe6+ Ke7 64. Kg4 Rd3 65. Bxd5 cxd5
66. Kf5 Rxd4 67. Rg1 Kf8 68. Ke5 Rd2 69. Kd6 Re2 70. c6 d4 71. c7 Rc2 72. e7+
Ke8 73. Rxg7 {Black resigns} 1-0

[Event "Team 45 45 League T41"]
[Site "Internet Chess Club"]
[Date "2009.05.03"]
[Round "1"]
[White "mcplayerus"]
[Black "livis"]
[Result "1-0"]
[WhiteElo "2107"]
[BlackElo "1897"]
[Opening "Catalan: closed, 5.Nf3"]
[ECO "E06"]
[Time "16:01:22"]
[TimeControl "2700+45"]

1. Nf3 e6 2. d4 d5 3. c4 Nf6 4. g3 Be7 5. Bg2 O-O 6. O-O Ne4 7. Qc2 c6 8. Nbd2
f5 9. Ne5 Nd7 10. Ndf3 Bf6 11. Nd3 Qe7 12. a4 h6 13. Bf4 g5 14. Bc7 Rf7 15. a5
Nf8 16. Be5 Ng6 17. Rfc1 a6 18. b4 Bd7 19. Bxf6 Qxf6 20. Nfe5 Rg7 21. Ra3 Nd6
22. Qb2 dxc4 23. Nc5 Be8 24. Nxc4 Nxc4 25. Rxc4 Rd8 26. Re3 Re7 27. Nd3 Bf7 28.
Ne5 Nxe5 29. Rxe5 Red7 30. e3 f4 31. Rc1 f3 32. Bf1 Rd5 33. Rc5 Rxe5 34. Rxe5
Rd5 35. Bc4 Rxe5 36. dxe5 Qd8 37. Qd4 Qe7 38. Bd3 Kf8 39. Qe4 Ke8 40. Qd4 h5 41.
h3 Qc7 42. Qc5 Qd7 43. Qd4 Qc7 44. Be4 g4 45. Bc2 gxh3 46. Kh2 Ke7 47. Be4 Ke8
48. Bxf3 Qe7 49. Kxh3 Qg5 50. Qf4 Qg6 51. Be4 Qg7 52. Kh4 Qf8 53. Bf3 Qe7+ 54.
Kh3 c5 55. bxc5 Qxc5 56. Bxb7 Qxa5 57. Bc6+ Ke7 58. Qf6+ Kf8 59. Qh8+ Ke7 60.
Qb8 Qc5 61. Qc7+ Kf8 62. Qd6+ Qxd6 63. exd6 a5 64. Kh4 e5 65. Kg5 Bb3 66. Kf6
{Black resigns} 1-0

[Event "Team 45 45 League T41"]
[Site "Internet Chess Club"]
[Date "2009.05.01"]
[Round "1"]
[White "fileman"]
[Black "Kurukshetra"]
[Result "1-0"]
[WhiteElo "1907"]
[BlackElo "1691"]
[Opening "Sicilian: wing gambit"]
[ECO "B20"]
[Time "17:06:40"]
[TimeControl "2700+45"]

1. e4 c5 2. b4 b6 3. a3 Bb7 4. d3 Nc6 5. c3 Nf6 6. f4 d6 7. Nf3 g6 8. Be2 Bg7 9.
O-O O-O 10. Qc2 Rc8 11. b5 Nb8 12. h3 e6 13. Bb2 d5 14. e5 Nh5 15. Bc1 Ng3 16.
Rf2 Nd7 17. Kh2 Nf5 18. g4 Nh6 19. Nbd2 Kh8 20. Nf1 d4 21. c4 Ng8 22. Ng3 f6 23.
exf6 Ndxf6 24. Ng5 Qd6 25. Bd2 h6 26. Nf3 Rce8 27. Raf1 Nh7 28. Nh4 Ne7 29. Bf3
Bxf3 30. Nxf3 Rf7 31. Ne4 Qc7 32. Kg2 Ref8 33. Qd1 h5 34. gxh5 gxh5 35. Nfg5
Nxg5 36. Nxg5 Rf6 37. Qxh5+ Rh6 38. Nf7+ Rxf7 39. Qxf7 Qb7+ 40. Kh2 Rf6 41. Qh5+
Rh6 42. Qe8+ Kh7 43. f5 Be5+ 44. Bf4 Bxf4+ 45. Rxf4 Nxf5 46. Rg1 {Black resigns}
1-0

[Event "Team 45 45 League T41"]
[Site "Internet Chess Club"]
[Date "2009.05.04"]
[Round "1"]
[White "bgolev"]
[Black "markgravitygood"]
[Result "0-1"]
[WhiteElo "1814"]
[BlackElo "1844"]
[Opening "Caro-Kann defense"]
[ECO "B10"]
[Time "19:02:45"]
[TimeControl "2700+45"]

1. e4 c6 2. f4 e5 3. Nf3 exf4 4. d4 Nf6 5. Bxf4 Nxe4 6. Bd3 d5 7. O-O Bb4 8. Ne5
O-O 9. c3 Be7 10. Nd2 f5 11. g4 Nd7 12. gxf5 Nxe5 13. Bxe5 Bxf5 14. Nxe4 dxe4
15. Bc4+ Kh8 16. Qh5 Bg6 17. Qg4 Rxf1+ 18. Rxf1 Bd6 19. Rf4 Bxe5 20. dxe5 Qb6+
21. Kf1 Qc5 22. Bb3 Qxe5 23. h4 Qc5 24. Ke1 Qe3+ 25. Kf1 Qc1+ 26. Kg2 Qxb2+ 27.
Rf2 Qxc3 28. h5 e3 29. Re2 Bd3 30. Rxe3 Qd2+ {White resigns} 0-1

[Event "Team 45 45 League T41"]
[Site "Internet Chess Club"]
[Date "2009.05.01"]
[Round "1"]
[White "trucazzo"]
[Black "Beddathanme"]
[Result "1-0"]
[WhiteElo "1919"]
[BlackElo "1847"]
[Opening "Trompowsky attack (Ruth, Opocenský opening)"]
[ECO "A45"]
[Time "12:31:35"]
[TimeControl "2700+45"]

1. d4 Nf6 2. Bg5 e6 3. e4 h6 4. Bxf6 Qxf6 5. Nc3 d6 6. Qd2 g5 7. g3 Bg7 8. Nb5
Qd8 9. c3 a6 10. Na3 Nd7 11. O-O-O b6 12. Bg2 Bb7 13. Nc2 Qe7 14. Ne3 O-O-O 15.
Ne2 Kb8 16. Kb1 Nf6 17. Qc2 h5 18. e5 Nd5 19. Bxd5 Bxd5 20. Nxd5 exd5 21. f4
dxe5 22. dxe5 f6 23. Nd4 Kb7 24. Nf5 Qf7 25. e6 Qg8 26. Rhe1 gxf4 27. gxf4 Bh6
28. Ne7 Qg4 29. Nxd5 f5 30. e7 Rc8 31. e8=Q Rhxe8 32. Rxe8 Rxe8 33. Nf6 Qg6 34.
Nxe8 Qxe8 35. Qxf5 Qe2 36. Qd5+ Kb8 37. f5 Qxh2 38. f6 Qh4 39. f7 Qg4 40. Re1
{Black resigns} 1-0

[Event "Team 45 45 League T41"]
[Site "Internet Chess Club"]
[Date "2009.05.05"]
[Round "1"]
[White "Alphalegacy"]
[Black "bogolijubov"]
[Result "1/2-1/2"]
[WhiteElo "1914"]
[BlackElo "1854"]
[Opening "Scandinavian defense"]
[ECO "B01"]
[Time "15:29:06"]
[TimeControl "2700+45"]

1. e4 d5 2. exd5 Nf6 3. Nc3 Nxd5 4. d4 Nc6 5. Nf3 g6 6. Bc4 Nb6 7. Bb3 Bg7 8.
Be3 O-O 9. h3 Na5 10. Qe2 Nxb3 11. axb3 Bd7 12. O-O-O a5 13. g4 a4 14. bxa4 Nxa4
15. Nb1 Bc6 16. c3 Nb6 17. Rhe1 Ra1 18. Nd2 Ba4 19. b3 Qd6 20. Kb2 Ra8 21. Kxa1
Bb5+ 22. Kb2 Bxe2 23. Rxe2 Nd5 24. Nc4 Qa6 25. Kc1 b5 26. Nb2 {Game drawn by
mutual agreement} 1/2-1/2

[Event "Team 45 45 League T41"]
[Site "Internet Chess Club"]
[Date "2009.05.04"]
[Round "1"]
[White "PJ"]
[Black "Beetlejuice"]
[Result "0-1"]
[WhiteElo "1733"]
[BlackElo "1831"]
[Opening "Sicilian: closed"]
[ECO "B23"]
[Time "13:32:21"]
[TimeControl "2700+45"]

1. e4 c5 2. Nc3 a6 3. g3 b5 4. Bg2 Bb7 5. Nge2 e6 6. O-O Nf6 7. d3 d5 8. exd5
Nxd5 9. Nxd5 Bxd5 10. Bxd5 Qxd5 11. Nf4 Qd7 12. Re1 Be7 13. Qh5 O-O 14. Qg4 Nc6
15. Nh5 g6 16. Nf4 Nd4 17. Qd1 Rfd8 18. c3 Nc6 19. Be3 e5 20. Ne2 Qxd3 21. Qxd3
Rxd3 22. Rad1 Rad8 23. Rxd3 Rxd3 24. Nc1 Rd8 25. g4 c4 26. Ne2 f5 27. gxf5 gxf5
28. Ng3 f4 {White resigns} 0-1

[Event "Team 45 45 League T41"]
[Site "Internet Chess Club"]
[Date "2009.04.30"]
[Round "1"]
[White "Monsieur"]
[Black "RingLord"]
[Result "0-1"]
[WhiteElo "1605"]
[BlackElo "1647"]
[Opening "Trompowsky attack (Ruth, Opocenský opening)"]
[ECO "A45"]
[Time "19:34:16"]
[TimeControl "2700+45"]

1. d4 Nf6 2. Bg5 d5 3. Bxf6 gxf6 4. Nc3 Bf5 5. f3 Bg6 6. e4 dxe4 7. fxe4 Nd7 8.
Nf3 e5 9. Bc4 Nb6 10. Bb3 Bb4 11. Qd3 O-O 12. O-O-O Qe7 13. d5 Bxc3 14. bxc3
Qa3+ 15. Kb1 Na4 16. Bxa4 Qxa4 17. g4 Bxe4 18. Qe2 Rfd8 19. g5 Bxf3 20. Qxf3
fxg5 21. h4 Qf4 22. Qg2 f6 23. Rdf1 Qe3 24. Rxf6 Rd6 25. Rh3 Qb6+ 26. Kc1 Rxf6
27. Qxg5+ Rg6 28. Qxe5 Rg1+ 29. Kd2 Qf2+ 30. Qe2 Qxe2+ 31. Kxe2 Re8+ {White
resigns} 0-1

[Event "Team 45 45 League T41"]
[Site "Internet Chess Club"]
[Date "2009.05.03"]
[Round "1"]
[White "dougmo"]
[Black "crankn8tr"]
[Result "1-0"]
[WhiteElo "1567"]
[BlackElo "1528"]
[Opening "Sicilian: Grand Prix attack"]
[ECO "B23"]
[Time "11:00:10"]
[TimeControl "2700+45"]

1. e4 c5 2. Nc3 Nc6 3. f4 g6 4. Nf3 Bg7 5. Bb5 Nd4 6. O-O a6 7. Bd3 b5 8. Nxd4
cxd4 9. Ne2 Bb7 10. b3 e5 11. fxe5 Bxe5 12. Bb2 h5 13. Bxd4 d6 14. Bxe5 dxe5 15.
Nc3 b4 16. Nd5 Bxd5 17. exd5 f5 18. Bc4 Nf6 19. Qe2 Qd6 20. Rae1 e4 21. d3 O-O
22. Qd2 Rae8 23. Qf4 Qc5+ 24. Kh1 Nxd5 25. Qg5 Kg7 26. dxe4 Rxe4 27. Rxe4 fxe4
28. Rxf8 Qxf8 29. Qxd5 e3 30. Qf3 Qd6 31. Bd3 Qe5 32. g3 Qa1+ 33. Kg2 Qxa2 34.
Qxe3 a5 35. Qe4 Qb2 36. Qxg6+ Kf8 37. Qxh5 Qe5 38. Qxe5 {Black resigns} 1-0

[Event "Team 45 45 League T41"]
[Site "Internet Chess Club"]
[Date "2009.05.03"]
[Round "1"]
[White "john-beebs"]
[Black "werty"]
[Result "1/2-1/2"]
[WhiteElo "1464"]
[BlackElo "1509"]
[Opening "French: Steinitz variation"]
[ECO "C11"]
[Time "14:30:09"]
[TimeControl "2700+45"]

1. e4 e6 2. d4 d5 3. Nc3 Nf6 4. e5 Nfd7 5. Bb5 a6 6. Bd3 c5 7. Be3 cxd4 8. Bxd4
Qg5 9. Qf3 Nxe5 10. Qg3 Nxd3+ 11. cxd3 Qxg3 12. hxg3 Bd7 13. Nf3 Nc6 14. a3 Nxd4
15. Nxd4 Bc5 16. Nf3 O-O 17. d4 Bd6 18. Kd2 Bc6 19. Rh5 f6 20. Rah1 h6 21. Ne2
Rae8 22. Nh4 Kh7 23. f4 Re7 24. f5 Be8 25. Ng6 Bxg6 26. fxg6+ Kxg6 27. Nf4+
Bxf4+ 28. gxf4 Rc8 29. g4 Kf7 30. g5 fxg5 31. fxg5 hxg5 32. Rxg5 Ke8 33. Re1 Kd7
34. b4 Kd6 35. Rg6 Rce8 36. Kc3 b5 37. Kb3 Rc8 38. a4 Rc4 39. Rd1 Rec7 40. Rd3
bxa4+ 41. Kxa4 Rb7 42. Ka5 Rcxb4 43. Kxa6 Kc6 44. Rxe6+ Kd7 45. Rg6 Kd8 46. Rh3
{Game drawn by mutual agreement} 1/2-1/2

[Event "Team 45 45 League T41"]
[Site "Internet Chess Club"]
[Date "2009.05.03"]
[Round "1"]
[White "Portola"]
[Black "Victorianum"]
[Result "1-0"]
[WhiteElo "1731"]
[BlackElo "1731"]
[Opening "Queen's pawn game, Krause variation"]
[ECO "D02"]
[Time "15:02:55"]
[TimeControl "2700+45"]

1. d4 d5 2. Nf3 c5 3. Bf4 cxd4 4. Nxd4 Nc6 5. c3 Nf6 6. e3 Qb6 7. Nb3 e6 8. N1d2
Bd7 9. Bd3 Be7 10. Qc2 Rc8 11. Qd1 e5 12. Bg3 e4 13. Be2 O-O 14. O-O Be6 15. Rb1
Rfd8 16. Nd4 Nxd4 17. cxd4 Rc6 18. a3 a5 19. b4 axb4 20. axb4 Rdc8 21. Qa4 Rc2
22. Rfd1 Bd7 23. b5 Bd6 24. Bxd6 Qxd6 25. Qa7 Qc7 26. h3 b6 27. Qa3 h5 28. Bf1
g5 29. Nb3 Qc3 30. Qe7 Kg7 31. Qd6 Rb2 32. Qa3 g4 33. Qxb2 {Black forfeits on
time} 1-0

[Event "Team 45 45 League T41"]
[Site "Internet Chess Club"]
[Date "2009.05.04"]
[Round "1"]
[White "BotanicalKnight"]
[Black "Blindwood"]
[Result "0-1"]
[WhiteElo "1577"]
[BlackElo "1714"]
[Opening "Sicilian: closed, 6.f4"]
[ECO "B25"]
[Time "21:03:16"]
[TimeControl "2700+45"]

1. e4 c5 2. Nc3 Nc6 3. g3 d6 4. d3 g6 5. Bg2 Bg7 6. f4 Bxc3+ 7. bxc3 Qa5 8. Bd2
Qa6 9. Nf3 Bg4 10. h3 Bxf3 11. Bxf3 f6 12. O-O Qb6 13. Qe2 e5 14. Rab1 Qa6 15.
Rb2 b6 16. g4 Nge7 17. g5 Rf8 18. h4 Qa3 19. Rfb1 O-O-O 20. gxf6 Rxf6 21. Rb3
Qxa2 22. R1b2 Qa6 23. Qg2 exf4 24. Qg5 Rdf8 25. Qg4+ Kc7 26. Qg5 Ne5 27. Be2 f3
28. Bf1 f2+ 29. Kg2 Nf3 30. Qe3 Nxh4+ 31. Kh2 Nf3+ 32. Kg2 Nxd2 33. Qxd2 Qc8 34.
Qg5 Qe6 35. Ra3 Kb7 36. Rba2 Nc6 37. Qh6 Qg4+ 38. Kh2 {White resigns} 0-1